 Dungeon Crawl Stone Soup version 0.31.0-1-g2c135a008e (webtiles) character file.

Game seed: 16128024372982249502

123 qw the Shooter (level 5, -4/40 HPs)
             Began as a Djinni Hunter on Jan 23, 2024.
             Slain by an iron imp (8 damage)
             ... summoned by Eustachio
             ... on level 4 of the Dungeon.
             The game lasted 00:00:09 (1954 turns).

qw the Shooter (Djinni Hunter)                      Turns: 1954, Time: 00:00:09

Health: -4/40      AC:  9    Str: 10    XL:     5   Next: 28%
Gold:   171        EV: 11    Int: 10    God:
                   SH:  0    Dex: 19

rFire   + + .        a - +0 shortbow
rCold   x . .        (shield currently unavailable)
rNeg    . . .        g - +0 ring mail
rPois   inf          (no helmet)
rElec   .            (no cloak)
rCorr   .            (no gloves)
SInv    .            (boots unavailable)
Will    .....        (no amulet)
Stlth   +            b - +4 ring of protection
HPRegen 0.26/turn    (no ring)
MPRegen 0.00/turn

%: infuse magic (-5 HP)
@: flying
A: sickness immunity, fire resistance 2, cold vulnerability 1, float, innate
caster, HP casting, extra vitality 1
a: no special abilities


You were on level 4 of the Dungeon.
You visited 1 branch of the dungeon, and saw 4 of its levels.

You collected 171 gold pieces.


Innate Abilities, Weirdness & Mutations

You are immune to sickness and miasma.
You are immune to poison.
Your flesh is very heat resistant. (rF++)
You are vulnerable to cold. (rC-)
You float through the air rather than walking.
You learn spells naturally, not from books.
Your magical power is your life essence.
You have superior vitality. (+4 MHP)


   Skills:
 - Level 3.0 Fighting
 + Level 4.5 Ranged Weapons
 - Level 1.2 Armour
 - Level 2.1 Dodging
 - Level 0.7 Stealth


You knew the following spells:

 Your Spells              Type           Power      Damage    Failure   Level
a - Summon Small Mammal   Summ           0%         N/A       67%         1
b - Momentum Strike       Conj/Tloc      0%         3d8       82%         2
Your spell library was empty.

Inventory:

Hand Weapons
 a - a +0 shortbow (weapon)
Armour
 g - a +0 ring mail (worn)
Jewellery
 b - a +4 ring of protection (left hand)
Wands
 e - a wand of digging (3)
Potions
 d - a potion of heal wounds {unknown}
 i - a potion of curing {unknown}
 j - a potion of mutation {unknown}

Dungeon Overview and Level Annotations

Branches:
Dungeon (4/15)
 Temple: D:4-7

Altars:

Shops:
D:2 =

Annotations:
D:4 Eustachio


Message History

The shadow imp hits you but does no damage.
The iron imp barely misses you. The quokka bites you.
You shoot an arrow. The arrow hits the iron imp.
The iron imp is moderately wounded.
The bat hits you but does no damage. The quokka closely misses you.
The quokka bites you. The shadow imp misses you.
The iron imp hits you but does no damage.
The iron imp misses you. The quokka barely misses you.
The quokka bites you but does no damage.
You shoot an arrow. The arrow closely misses the iron imp.
The arrow completely misses the bat.
The arrow barely misses Eustachio.
The shadow imp disappears in a puff of smoke!
The bat hits you but does no damage. The bat hits you.
The quokka bites you but does no damage. x2
The iron imp barely misses you. The iron imp completely misses you.
You shoot an arrow.
The arrow hits the iron imp but does no damage.
The iron imp is moderately wounded.
The bat hits you but does no damage. The quokka barely misses you.
The bat hits you but does no damage. The quokka closely misses you.
The iron imp closely misses you.
Eustachio mumbles some strange words.
Eustachio blinks!
The quokka closely misses you. The iron imp hits you.
The bat hits you but does no damage. The quokka barely misses you.
You shoot an arrow. The arrow hits the iron imp.
The iron imp is heavily wounded.
The bat barely misses you. The bat hits you but does no damage.
The bat completely misses you. The bat closely misses you.
The quokka bites you. The kobold closely misses you.
The quokka bites you but does no damage.
The iron imp closely misses you. The bat closely misses you.
The iron imp hits you but does no damage.
The bat hits you but does no damage.
You shoot an arrow. The arrow hits the iron imp.
The iron imp is almost dead.
The bat closely misses you. The bat hits you but does no damage.
The quokka closely misses you. The quokka misses you.
The kobold hits you but does no damage. The iron imp hits you!
The quokka barely misses you. The iron imp hits you!
You die...

..###..##
........#
.......
#..... ##....
##....# ##
#.....##..###
#....
#...b5r#.....
##.....# ....
##..... ..
#......
....[...
..........
..###.......


You could see 2 iron imps, 2 quokkas, 2 bats and a kobold.

Vanquished Creatures
  3 gnolls (D:2)
  2 adders
  A ribbon worm (D:3)
  5 orcs (D:3)
  6 endoplasms
  6 giant cockroaches
  4 goblins
  4 hobgoblins
  2 jackals (D:1)
  3 kobolds
  7 quokkas
  6 ball pythons
  7 bats
  5 frilled lizards
  3 rats
64 creatures vanquished.

Notes
Turn   | Place    | Note
-------+----------+-------------------------------------------
     0 | D:1      | qw the Djinni Hunter began the quest for the Orb.
     0 | D:1      | Reached XP level 1. HP: 18/18 MP: 0/0
     0 | D:1      | 0 ||| qw: Version: 0.3-a-136-gdd3b4e8
     0 | D:1      | 0 ||| qw: Game counter: 1189
     0 | D:1      | 0 ||| qw: Melee chars always use a shield: true
     0 | D:1      | 0 ||| qw: God list: Okawaru
     0 | D:1      | 0 ||| qw: Allow faded altars: false
     0 | D:1      | 0 ||| qw: Do Orc after clearing Dungeon:15 true
     0 | D:1      | 0 ||| qw: Do second Lair branch before Depths: true
     0 | D:1      | 0 ||| qw: Lair rune preference: random
     0 | D:1      | 0 ||| qw: Goals: Normal
     0 | D:1      | 0 ||| PLANNING D:1-11
   122 | D:1      | Reached XP level 2. HP: 23/23 MP: 0/0
   399 | D:1      | Reached XP level 3. HP: 27/28 MP: 0/0
   399 | D:1      | Learned a level 1 spell: Summon Small Mammal
   404 | D:1      | Reached skill level 4 in Ranged Weapons
   713 | D:1      | 713 ||| UPGRADING to +0 ring mail.
   723 | D:1      | 723 ||| DROPPING +0 leather armour.
   724 | D:1      | 724 ||| READING scroll labelled AVINITTANOA.
   724 | D:1      | 724 ||| IDENTIFYING black potion
   725 | D:1      | 725 ||| READING scroll labelled WUPTAU VUFFO.
   726 | D:1      | 726 ||| DRINKING 2 golden potions.
   727 | D:1      | 727 ||| DROPPING scroll of butterflies.
   728 | D:1      | 728 ||| DROPPING potion of lignification.
   729 | D:1      | 729 ||| DROPPING potion of attraction.
   801 | D:2      | Found Yllitace's Jewellery Shoppe.
   809 | D:2      | 809 ||| SHOPLISTING amulet "Willayfe" {Spirit Regen+ Str+4
                  | Int-3 Dex+3} (635 gold, have 51).
   809 | D:2      | 809 ||| SHOPLISTING amulet of the acrobat (420 gold, have
                  | 51).
   809 | D:2      | 809 ||| SHOPLISTING ring "Anwucw" {Fire rPois} (506 gold,
                  | have 51).
   809 | D:2      | 809 ||| SHOPLISTING ring of ice (350 gold, have 51).
   809 | D:2      | 809 ||| SHOPLISTING ring of willpower (350 gold, have 51).
   840 | D:2      | Reached skill level 1 in Armour
   843 | D:2      | Reached XP level 4. HP: 21/34 MP: 0/0
   854 | D:2      | Reached skill level 3 in Fighting
  1176 | D:2      | 1176 ||| READING scroll of identify.
  1176 | D:2      | 1176 ||| IDENTIFYING sedimented orange potion
  1177 | D:2      | 1177 ||| DROPPING potion of brilliance.
  1475 | D:3      | Reached XP level 5. HP: 40/40 MP: 0/0
  1475 | D:3      | Learned a level 2 spell: Momentum Strike
  1888 | D:3      | 1888 ||| UPGRADING to +4 ring of protection.
  1889 | D:3      | 1889 ||| READING scroll labelled TATSUPE XIVUSM.
  1892 | D:3      | 1892 ||| READING 3 scrolls labelled TUVASE ISAL.
  1893 | D:3      | 1893 ||| DROPPING 2 scrolls of immolation.
  1916 | D:4      | Noticed Eustachio
  1954 | D:4      | HP: 4/40 [iron imp[Eustachio] (8)]
  1954 | D:4      | Slain by an iron imp

Levels and vault maps discovered:
D:1:      beargit_arrival_diablo_church, layout_basic, minmay_misc_feat_tiny
D:2:      layout_rooms, serial_shops, shop
D:3:      layout_basic
D:4:      layout_cave_pools, palyth_stone_intersect, nicolae_tricolors,
          uniq_sigmund, uniq_eustachio, uniq_crazy_yiuf_cottage

Skill      XL: |  1  2  3  4 |
---------------+-------------+-----
Ranged Weapons | 4 |  4.5
Armour         | 1 |  1.2
Fighting       | 3 |  3.0
Dodging        | |  2.1
Stealth        | |  0.7

Action                     |  1- 3 |  4- 6 || total
---------------------------+-------+-------++-------
   Fire: Shortbow          |   101 |   119 ||   220
    Use: Scroll            |     2 |     3 ||     5
         Potion            |     1 |       ||     1
 Armour: Leather armour    |    24 |       ||    24
         Ring mail         |     3 |    91 ||    94
  Dodge: Dodged            |    44 |   109 ||   153

Table legend:
 A = Non-vault XP
 B = Vault XP
 C = Vault XP percentage of total XP
 D = Non-vault monster count
 E = Vault monster count
 F = Vault count percentage of total count
                 A         B        C        D         E       F
            +---------+---------+-------+---------+---------+-------
      Total |     176 |       0 |   0.0 |      64 |       0 |   0.0
            +---------+---------+-------+---------+---------+-------
        D:1 |      46 |       0 |   0.0 |      28 |       0 |   0.0
        D:2 |      66 |       0 |   0.0 |      17 |       0 |   0.0
        D:3 |      49 |       0 |   0.0 |      17 |       0 |   0.0
        D:4 |      15 |       0 |   0.0 |       2 |       0 |   0.0
            +---------+---------+-------+---------+---------+-------
